 Dungeon Crawl Stone Soup version 0.28-a0-1485-g077359a4bf (webtiles) character file.

Game seed: 14414297149106792906

568 sanka the Conjurer (level 7, -3/51 HPs)
             Began as a Gnoll Conjurer on Jan 11, 2022.
             Succumbed to a kobold brigand's curare-tipped dart
             ... on level 6 of the Dungeon.
             The game lasted 00:05:41 (3938 turns).

sanka the Conjurer (Gnoll Conjurer)                 Turns: 3938, Time: 00:05:42

Health: -3/51      AC:  6    Str: 12    XL:     7   Next: 33%
Magic:  3/15       EV: 13    Int: 20    God:
Gold:   222        SH:  0    Dex: 10    Spells: 14/17 levels left

rFire   . . .      SeeInvis .   p - +0 trident
rCold   . . .      Faith    .   (no shield)
rNeg    . . .      Spirit   .   a - +0 robe
rPois   .          Reflect  .   (no helmet)
rElec   .          Harm     .   i - +2 cloak
rCorr   .          Rampage  .   (no gloves)
Will    +....                   q - +0 pair of boots
Stlth   +++.......              (no amulet)
HPRegen 0.17/turn               n - +6 ring of strength
MPRegen 0.14/turn               u - ring of willpower

@: mighty, lethally poisoned (-3 -> -21), slowed, very slow
A: fangs 1, strong nose, distributed training
a: no special abilities


You were on level 6 of the Dungeon.
You visited 1 branch of the dungeon, and saw 5 of its levels.

You collected 222 gold pieces.


Innate Abilities, Weirdness & Mutations

You have very sharp teeth.
Your uncanny sense of smell can sniff out nearby items.
Your experience applies equally to all skills.


   Skills:
 + Level 2.4 Fighting
 + Level 2.4 Short Blades
 + Level 2.4 Long Blades
 + Level 2.4 Axes
 + Level 2.4 Maces & Flails
 + Level 2.4 Polearms
 + Level 2.4 Staves
 + Level 2.4 Slings
 + Level 2.4 Bows
 + Level 2.4 Crossbows
 + Level 2.4 Throwing
 + Level 2.4 Armour
 + Level 5.2 Dodging
 + Level 4.9 Stealth
 + Level 2.4 Shields
 + Level 2.4 Unarmed Combat
 + Level 5.6 Spellcasting
 + Level 7.4 Conjurations
 + Level 2.0 Hexes
 + Level 2.0 Summonings
 + Level 2.0 Necromancy
 + Level 2.0 Translocations
 + Level 2.0 Transmutations
 + Level 2.0 Fire Magic
 + Level 2.0 Ice Magic
 + Level 2.0 Air Magic
 + Level 2.0 Earth Magic
 + Level 2.0 Poison Magic
 + Level 2.7 Invocations
 + Level 2.4 Evocations


You had 14 spell levels left.
You knew the following spells:

 Your Spells              Type           Power      Damage    Failure   Level
x - Searing Ray           Conj           70%        2d7       1%          2
z - Magic Dart            Conj           100%       1d8       1%          1

Your spell library contained the following spells:

 Spells                   Type           Power      Damage    Failure   Level
 Conjure Flame            Conj/Fire      24%        6-21      4%          3
 Dazzling Flash           Conj/Hex       48%        N/A       4%          3
 Ignite Poison            Fire/Tmut/Pois 13%        N/A       14%         3
 Fulminant Prism          Conj/Hex       12%        3d9       16%         4
 Iskenderun's Mystic Bla  Conj/Tloc      24%        2d7       16%         4
 Sticky Flame             Conj/Fire      24%        2d5       16%         4
 Summon Ice Beast         Ice/Summ       13%        N/A       43%         4
 Summon Hydra             Summ           6%         N/A       100%        7
 Borgnjor's Revivificati  Necr           6%         N/A       100%        8
 Necromutation            Tmut/Necr      6%         N/A       100%        8
 Chain Lightning          Conj/Air       12%        3d16      100%        9
 Death's Door             Necr           6%         N/A       100%        9

Inventory:

Hand Weapons
 p - a +0 trident (weapon)
Armour
 a - a +0 robe (worn)
 i - a +2 cloak (worn)
 q - a +0 pair of boots (worn)
Jewellery
 g - a ring of fire
 n - a +6 ring of strength (left hand)
 s - a ring of ice
 u - a ring of willpower (right hand)
Scrolls
 c - 2 scrolls of teleportation {unknown}
 e - a scroll of magic mapping {unknown}
 h - 2 scrolls of fear {unknown}
 j - a scroll of blinking {unknown}
 k - 2 scrolls of enchant armour {unknown}
 l - a scroll of brand weapon {unknown}
 o - a scroll of vulnerability {unknown}
 r - a scroll of noise {unknown}
 t - a scroll of summoning {unknown}
 v - a scroll of immolation {unknown}
Potions
 b - a potion of berserk rage {unknown}
 d - 2 potions of brilliance {unknown}
 m - a potion of might

Dungeon Overview and Level Annotations

Branches:
Dungeon (4/15)
 Temple: D:4-7

Altars:
Qazlal

Annotations:
D:3 3 runed translucent doors, Grinder; Verendum's ghost, amateur OpFi

∆ ▒▒ ▒▒ ▒▒.
.▒▒▒.▒▒ ..... ∆
...>.▒ .. .....+
)...▒ ▒..
▒...▒▒▒▒▒▒...▒
▒..▒▒.F.▒▒..▒▒...▒
.......K.....g)..▒
............▒▒..▒▒
............▒▒▒▒▒
............▒
............▒
▒▒+▒▒...▒▒▒.▒
▒..▒▒...▒▒▒▒▒▒
..........▒..▒
.......<..▒..▒


You could see a kobold brigand and a bullfrog.


Message History

Your Transmutations skill increases to level 2!
Your Fire Magic skill increases to level 2!
Your Ice Magic skill increases to level 2!
Your Air Magic skill increases to level 2!
Your Earth Magic skill increases to level 2!
Your Poison Magic skill increases to level 2!
Unknown command.
Unknown command.
Unknown command.
The kobold brigand throws a curare-tipped dart.
The curare-tipped dart hits you.
You are poisoned.
You have difficulty breathing.
* * * LOW HITPOINT WARNING * * *
You feel yourself slow down.
Unknown command.
Unknown command.
* * * LOW HITPOINT WARNING * * *
You feel very sick.
A bullfrog comes into view.
The kobold brigand throws a curare-tipped dart.
The curare-tipped dart hits you.
You are lethally poisoned!
You have difficulty breathing.
* * * LOW HITPOINT WARNING * * *
You feel as though you will be slow longer.
Unknown command.
It was a potion of might.
You feel very mighty all of a sudden.
You die...

Action                   |  1- 3 |  4- 6 |  7- 9 || total
-------------------------+-------+-------+-------++-------
Melee: Trident           |       |     1 |       ||     1
 Cast: Magic Dart        |    73 |    59 |     4 ||   136
       Searing Ray       |       |     7 |     2 ||     9
  Use: Potion            |       |       |     2 ||     2
Armor: Robe              |     2 |    12 |     3 ||    17
Dodge: Dodged            |     6 |    20 |     2 ||    28

Levels and vault maps discovered:
D:1:      minmay_arrival_split_and_join, layout_loops_ring,
          minmay_misc_feat_rows, minmay_small_reverse_x
D:2:      layout_loops_cross, basic_ecumenical_altar, minmay_pentomino_t4
D:3:      layout_basic, ebering_ghost_rock_garden, uniq_grinder, uniq_natasha
D:4:      layout_basic, grunt_qazlal_clouds, serial_shops,
          nicolae_shop_behind_doors, uniq_sigmund, uniq_blork_the_orc
D:6:      layout_gridville, serial_shops, nicolae_shop_behind_doors,
          minmay_crystal_water

Notes
Turn   | Place    | Note
-------+----------+-------------------------------------------
     0 | D:1      | sanka the Gnoll Conjurer began the quest for the Orb.
     0 | D:1      | Reached XP level 1. HP: 13/13 MP: 6/6
    94 | D:1      | Reached XP level 2. HP: 19/19 MP: 1/7
   152 | D:1      | Learned a level 2 spell: Searing Ray
   570 | D:1      | Reached XP level 3. HP: 25/25 MP: 7/9
   599 | D:1      | Reached skill level 5 in Spellcasting
  1050 | D:1      | Got the Catalogue of the Ass
  1207 | D:2      | Reached skill level 1 in Invocations
  1523 | D:2      | Reached skill level 1 in Fighting
  1523 | D:2      | Reached skill level 1 in Short Blades
  1523 | D:2      | Reached skill level 1 in Long Blades
  1523 | D:2      | Reached skill level 1 in Axes
  1523 | D:2      | Reached skill level 1 in Maces & Flails
  1523 | D:2      | Reached skill level 1 in Polearms
  1523 | D:2      | Reached skill level 1 in Staves
  1523 | D:2      | Reached skill level 1 in Slings
  1523 | D:2      | Reached skill level 1 in Bows
  1523 | D:2      | Reached skill level 1 in Crossbows
  1523 | D:2      | Reached skill level 1 in Throwing
  1523 | D:2      | Reached skill level 1 in Armour
  1523 | D:2      | Reached skill level 1 in Shields
  1523 | D:2      | Reached skill level 1 in Unarmed Combat
  1523 | D:2      | Reached skill level 1 in Evocations
  1702 | D:2      | Reached XP level 4. HP: 32/32 MP: 8/11
  1742 | D:2      | Identified the +0 ring mail "Fil Hol" {rF- rN+ Str+7
                  | Stlth-}
  1831 | D:2      | Found a faded altar of an unknown god.
  2100 | D:3      | Found a runed translucent gate.
  2100 | D:3      | Found a runed translucent gate.
  2100 | D:3      | Found a runed translucent gate.
  2426 | D:3      | Noticed Verendum's ghost (amateur OpFi)
  2512 | D:3      | Reached skill level 1 in Hexes
  2512 | D:3      | Reached skill level 1 in Summonings
  2512 | D:3      | Reached skill level 1 in Necromancy
  2512 | D:3      | Reached skill level 1 in Translocations
  2512 | D:3      | Reached skill level 1 in Transmutations
  2512 | D:3      | Reached skill level 1 in Fire Magic
  2512 | D:3      | Reached skill level 1 in Ice Magic
  2512 | D:3      | Reached skill level 1 in Air Magic
  2512 | D:3      | Reached skill level 1 in Earth Magic
  2512 | D:3      | Reached skill level 1 in Poison Magic
  2737 | D:3      | Noticed Grinder
  2737 | D:3      | Noticed Natasha
  2997 | D:3      | Killed Natasha
  2998 | D:3      | Reached XP level 5. HP: 37/37 MP: 7/12
  3085 | D:3      | Noticed Natasha
  3087 | D:3      | Killed Natasha
  3126 | D:3      | Noticed Natasha
  3136 | D:3      | Killed Natasha
  3340 | D:4      | Found a stormy altar of Qazlal.
  3379 | D:4      | Reached skill level 2 in Invocations
  3379 | D:4      | Reached XP level 6. HP: 42/44 MP: 6/13
  3603 | D:6      | Noticed a black bear
  3664 | D:6      | Noticed a black bear
  3675 | D:6      | Killed a black bear
  3676 | D:6      | Reached skill level 2 in Fighting
  3676 | D:6      | Reached skill level 2 in Short Blades
  3676 | D:6      | Reached skill level 2 in Long Blades
  3676 | D:6      | Reached skill level 2 in Axes
  3676 | D:6      | Reached skill level 2 in Maces & Flails
  3676 | D:6      | Reached skill level 2 in Polearms
  3676 | D:6      | Reached skill level 2 in Staves
  3676 | D:6      | Reached skill level 2 in Slings
  3676 | D:6      | Reached skill level 2 in Bows
  3676 | D:6      | Reached skill level 2 in Crossbows
  3676 | D:6      | Reached skill level 2 in Throwing
  3676 | D:6      | Reached skill level 2 in Armour
  3676 | D:6      | Reached skill level 5 in Dodging
  3676 | D:6      | Reached skill level 2 in Shields
  3676 | D:6      | Reached skill level 2 in Unarmed Combat
  3676 | D:6      | Reached skill level 2 in Evocations
  3820 | D:6      | Killed a black bear
  3821 | D:6      | Reached XP level 7. HP: 36/50 MP: 6/15
  3936 | D:6      | Reached skill level 2 in Hexes
  3936 | D:6      | Reached skill level 2 in Summonings
  3936 | D:6      | Reached skill level 2 in Necromancy
  3936 | D:6      | Reached skill level 2 in Translocations
  3936 | D:6      | Reached skill level 2 in Transmutations
  3936 | D:6      | Reached skill level 2 in Fire Magic
  3936 | D:6      | Reached skill level 2 in Ice Magic
  3936 | D:6      | Reached skill level 2 in Air Magic
  3936 | D:6      | Reached skill level 2 in Earth Magic
  3936 | D:6      | Reached skill level 2 in Poison Magic
  3937 | D:6      | HP: 3/51 [asphyx]
  3938 | D:6      | Succumbed to a kobold brigand's curare-tipped dart

Vanquished Creatures
  A water moccasin (D:6)
  2 black bears (D:6)
  A scorpion (D:4)
  A centaur skeleton (D:6)
  Natasha (thrice) (D:3)
  6 adders
  A worm (D:3)
  A dart slug (D:2)
  3 orcs
  6 ball pythons
  4 endoplasms (D:1)
  4 giant cockroaches
  4 goblins
  8 hobgoblins
  5 jackals
  7 quokkas
  5 bats
  3 frilled lizards
  4 kobolds
  3 rats
72 creatures vanquished.
